 Dungeon Crawl Stone Soup version 0.25-a0-420-g1cc7eeb0d1 (webtiles) character file.

Game seed: 2443874582794267852, levelgen mode: deterministic

6669 Kohma the Blocker (level 10, -8/86 HPs)
             Began as a Minotaur Abyssal Knight on Jan 18, 2020.
             Was a High Priest of Lugonu.
             Killed by divine providence
             ... invoked by an orc priest
              (11 damage)
             ... on level 9 of the Dungeon.
             The game lasted 00:27:14 (9637 turns).

Kohma the Blocker (Minotaur Abyssal Knight)         Turns: 9637, Time: 00:27:15

Health: -8/86      AC: 14    Str: 20    XL:     10   Next: 73%
Magic:  15/15      EV:  5    Int:  9    God:    Lugonu [*****.]
Gold:   191        SH: 12    Dex: 10    Spells: 9/9 levels left

rFire    . . .     SeeInvis .   a - +2 long sword (vamp)
rCold    . . .     Gourm    .   g - +0 shield
rNeg     . . .     Faith    .   z - +0 plate armour
rPois    .         Spirit   .   (helmet restricted)
rElec    .         Reflect  .   j - +1 cloak
rCorr    .         Harm     .   (no gloves)
MR       .....                  l - +0 pair of boots
Stlth    ..........             (no amulet)
HPRegen  0.24/turn              (no ring)
MPRegen  0.14/turn              (no ring)

@: lightly drained
A: retaliatory headbutt, horns 2
a: Depart the Abyss, Bend Space, Banish, Corrupt, Enter the Abyss, Renounce
Religion


You were on level 9 of the Dungeon.
You worshipped Lugonu.
Lugonu was extremely pleased with you.
You were not hungry.

You visited 2 branches of the dungeon, and saw 10 of its levels.
You visited the Abyss 1 time.

You collected 471 gold pieces.
You spent 280 gold pieces at shops.

Inventory:

Hand Weapons
 a - a +2 vampiric long sword (weapon)
 b - a +0 triple crossbow
 s - a +3 great sword
Missiles
 e - 98 sling bullets
 D - 84 bolts
Armour
 g - a +0 shield (worn)
 j - a +1 cloak (worn)
 l - a +0 pair of boots (worn)
 o - a +2 ring mail of poison resistance
 z - a +0 plate armour (worn)
Wands
 i - a wand of flame (34)
 n - a wand of iceblast (24)
 q - a wand of clouds (6)
 y - a wand of polymorph (6)
 A - a wand of enslavement (6)
Scrolls
 d - 4 scrolls of immolation {unknown}
 f - 2 scrolls of teleportation
 h - 5 scrolls of remove curse
 m - 2 scrolls of amnesia
 r - 3 scrolls of enchant armour
 u - a scroll of blinking
 v - a scroll of summoning {unknown}
 B - a scroll of identify
Potions
 k - 3 potions of haste
 p - 4 potions of curing
 t - a potion of cancellation {unknown}
 w - a potion of lignification {unknown}
 x - a potion of brilliance
 C - a potion of mutation
Comestibles
 c - 13 rations


   Skills:
 - Level 7.5(7.3) Fighting
 + Level 9.6(9.3) Long Blades
 - Level 2.4(2.2) Armour
 - Level 1.1(0.9) Dodging
 * Level 12.6(12.3) Shields
 * Level 8.0(7.8) Invocations


You had 9 spell levels left.
You didn't know any spells.
Your spell library was empty.

Dungeon Overview and Level Annotations

Branches:
Dungeon (9/15)             Temple (1/1) D:5            Lair (0/6) D:9
    Orc: D:9-12

Altars:
Ashenzari
Cheibriados
Dithmenos
Elyvilon
Fedhas
Gozag
Hepliaklqana
Kikubaaqudgha
Makhleb
Nemelex Xobeh
Okawaru
Qazlal
Ru
Sif Muna
Trog
Uskayaw
Vehumet
Wu Jian
Xom
Yredelemnul
Zin
The Shining One

Shops:
D:5 (   D:7 ?   D:8 *

Annotations:
D:9 exclusions: ice statue and orange crystal statue


Innate Abilities, Weirdness & Mutations

You reflexively headbutt those who attack you in melee.
You have a pair of horns on your head.


Message History

Beogh smites you!
You feel sick.
The orc priest calls down the wrath of Beogh upon you.
Pain shoots through your body!
* * * LOW HITPOINT WARNING * * *
The orc priest mumbles some strange prayers to Beogh against you.
Beogh smites you!
* * * LOW HITPOINT WARNING * * *
Space bends sharply around you!
You blink.
You feel sick.
You are no longer poisoned.
You enter the shallow water.
Moving in this stuff is going to be slow.
The orc priest mumbles some strange prayers to Beogh against you.
Beogh smites you!
* * * LOW HITPOINT WARNING * * *
The orc wizard begins to cast a cantrip, but forgets the words!
There is a stone staircase leading up here.
The orc priest calls down the wrath of Beogh upon you.
Beogh smites you!
You die...

#....))....♣.....>.♣......#...#
#..........♣P....P........#....
.......####..P...P.P.....♣P......
.......####..♣....P.P.PP.........
..........................###.#..
................♣.P.P..P......##.
#####............♣...P.........#
#...........#.............##
#...≈≈.....o@#.#..........#
#....≈÷......#.#..........###
#..≈≈o≈......#.##'#######<.÷.
#...≈o.........##.#####....##
#####....................##..÷.##
...............................##
.........o..............[......))
.......#########............#####
≈≈≈≈≈..#.................#.......


You could see an orc warrior, 2 orc priests and an orc wizard.

Vanquished Creatures
  2 trolls (D:9)
  Grinder (D:3)
  A spriggan (D:8)
  5 yaks (D:9)
  A hungry ghost (D:8)
  A water moccasin (D:8)
  An ice beast (D:6)
  2 porcupines (D:9)
  5 sky beasts
  5 phantoms
  A hornet zombie (D:7)
  3 orc warriors
  5 ogres
  3 crocodiles (D:9)
  2 centaurs
  A big kobold (D:8)
  2 gnoll sergeants
  2 bullfrogs
  A water moccasin zombie (D:6)
  3 scorpions
  8 killer bees
  4 wights (D:9)
  A howler monkey (D:5)
  An electric eel (D:9)
  2 crimson imps
  A bullfrog zombie (D:7)
  3 quasits
  A centaur zombie (D:8)
  4 hounds
  3 jellies
  A bullfrog skeleton (D:4)
  5 orc wizards
  2 centaur skeletons
  An orc priest (D:6)
  2 iguanas
  7 worker ants
  A hound zombie (D:6)
  A hound skeleton (D:6)
  11 gnolls
  A howler monkey skeleton (D:6)
  7 adders
  A shadow imp (D:8)
  An adder skeleton (D:7)
  3 worms
  A dart slug (D:4)
  3 leopard geckos
  33 orcs
  4 bats
  7 giant cockroaches
  7 goblins
  9 hobgoblins
  25 jackals
  8 kobolds
  2 quokkas
  6 frilled lizards
  A jackal zombie (D:6)
  8 rats
233 creatures vanquished.

Vanquished Creatures (others)
  Maurice (D:8)
  An orc wizard (D:4)
  A bush (D:9)
  3 fungi (D:9)
  6 plants (D:9)
12 creatures vanquished.

Grand Total: 245 creatures vanquished

Notes
Turn   | Place    | Note
-------+----------+-------------------------------------------
     0 | Abyss:1  | Kohma the Minotaur Abyssal Knight began the quest for the
                  | Orb.
     0 | Abyss:1  | Reached XP level 1. HP: 19/19 MP: 1/1
    40 | Abyss:1  | Found a stormy altar of Qazlal.
    49 | Abyss:1  | Noticed a small abomination
    55 | D:1      | Escaped the Abyss
    55 | D:1      | Noticed a minotaur skeleton
    69 | D:1      | Noticed a minotaur skeleton
   190 | D:1      | Reached XP level 2. HP: 27/27 MP: 2/2
   359 | D:1      | Reached skill level 1 in Shields
   370 | D:1      | Reached ** piety under Lugonu
   748 | D:1      | Reached XP level 3. HP: 32/33 MP: 3/3
   955 | D:2      | Found a shimmering altar of Xom.
  1077 | D:2      | Reached skill level 2 in Shields
  1456 | D:3      | Reached XP level 4. HP: 28/41 MP: 4/4
  1467 | D:3      | Reached skill level 3 in Shields
  2079 | D:3      | Noticed Grinder
  2091 | D:3      | Reached *** piety under Lugonu
  2095 | D:3      | Paralysed by Grinder for 7 turns
  2130 | D:3      | Killed Grinder
  2130 | D:3      | Reached skill level 5 in Fighting
  2130 | D:3      | Reached skill level 5 in Shields
  2130 | D:3      | Reached XP level 5. HP: 20/48 MP: 5/5
  2130 | D:3      | Reached XP level 6. HP: 23/56 MP: 6/6
  2704 | D:4      | Reached skill level 5 in Long Blades
  2704 | D:4      | Reached XP level 7. HP: 57/62 MP: 7/7
  2753 | D:4      | Reached skill level 6 in Shields
  3481 | D:4      | Reached skill level 7 in Shields
  3670 | D:5      | Entered Level 5 of the Dungeon
  3862 | D:5      | Reached XP level 8. HP: 66/71 MP: 8/8
  3956 | D:5      | Found Xaatsoir's Antique Weapon Shop.
  3998 | D:5      | Bought a glowing long sword for 175 gold pieces
  4038 | D:5      | Reached **** piety under Lugonu
  4302 | D:5      | Found a staircase to the Ecumenical Temple.
  4307 | Temple   | Entered the Ecumenical Temple
  4731 | D:5      | Reached skill level 8 in Shields
  5122 | D:6      | Reached skill level 9 in Shields
  6078 | D:7      | Reached XP level 9. HP: 34/79 MP: 10/10
  6740 | D:7      | Reached skill level 10 in Shields
  6747 | D:7      | Found Petirice's Magic Scroll Emporium.
  6750 | D:7      | Bought a scroll of enchant weapon for 105 gold pieces
  6887 | D:8      | Found a shattered altar of Ashenzari.
  7056 | D:8      | Reached ***** piety under Lugonu
  7230 | D:8      | Found Kenacana's Assorted Antiques.
  7307 | D:8      | Reached skill level 5 in Invocations
  7699 | D:8      | Reached skill level 11 in Shields
  8048 | D:8      | Noticed Maurice
  8073 | D:8      | Killed Maurice
  8184 | D:8      | Reached XP level 10. HP: 86/86 MP: 13/13
  8553 | D:9      | Found a staircase to the Lair.
  8592 | D:9      | Reached skill level 12 in Shields
  8681 | D:9      | Noticed an orange crystal statue
  8900 | D:9      | HP: 3/86 [troll (7)]
  8901 | D:9      | HP: 1/86 [troll (4)]
  9425 | D:9      | Noticed an ice statue
  9629 | D:9      | HP: 1/86 [orc priest/divine providence (10)]
  9637 | D:9      | Killed from afar by an orc priest

Levels and vault maps discovered:
D:1:      shiori_arrival_whats_in_store_for_you, layout_basic
D:2:      layout_basic, lemuel_crystal_altar, corexii_item_surrounded_by_moat
D:3:      layout_loops_ring, minmay_misc_feat_more_columns, uniq_grinder
D:4:      layout_basic, first_ration, minivault_1, st_stairs_3
D:5:      layout_rooms, temple_doors_e, serial_shops, shop, grunt_ministairs_12
D:6:      layout_rooms, kennysheep_path_1
D:7:      layout_basic, serial_shops, nicolae_shop_behind_doors
D:8:      layout_loops_ring, serial_shops, nicolae_shop_overgrown_old_shop,
          basic_altar, grunt_pizzeria, uniq_maurice
D:9:      minmay_separated_statues, layout_basic, minmay_lair_entry_grove
Temple:   compressed_dpeg_triangle_lava_temple

Skill      XL: |  1  2  3  4  5  6  7  8  9 10 |
---------------+-------------------------------+-----
Fighting       | 4 5 6 7 |  7.5
Long Blades    | 3 4 5 6 7 8 9 |  9.6
Shields        | 1 2 5 7 9 11 12 | 12.6
Invocations    | 3 6 8 |  8.0
Armour         | |  2.4
Dodging        | |  1.1

Action                   |  1- 3 |  4- 6 |  7- 9 | 10-12 || total
-------------------------+-------+-------+-------+-------++-------
Melee: Falchion          |    92 |   124 |   133 |       ||   349
       Headbutt          |    16 |    17 |    88 |    49 ||   170
       Long sword        |       |       |   417 |   224 ||   641
Invok: Bend Space        |       |       |       |     1 ||     1
Evoke: Wand              |       |       |     5 |     3 ||     8
  Use: Scroll            |       |       |    19 |       ||    19
       Potion            |       |       |     2 |     2 ||     4
  Eat: Chunk             |     2 |     4 |    18 |     7 ||    31
       Ration            |       |       |     1 |       ||     1
Armor: Leather armour    |    13 |       |       |       ||    13
       Chain mail        |    75 |    70 |   127 |       ||   272
       Plate armour      |       |       |   117 |   105 ||   222
Dodge: Dodged            |    24 |    32 |   111 |    42 ||   209
Block: Shield            |    40 |    60 |   317 |   152 ||   569
       Rpst.: Falchion   |    13 |    11 |    10 |       ||    34
       Long sword        |       |       |    21 |     9 ||    30

Table legend:
 A = Non-vault XP
 B = Vault XP
 C = Vault XP percentage of total XP
 D = Non-vault monster count
 E = Vault monster count
 F = Vault count percentage of total count
                 A         B        C        D         E       F
            +---------+---------+-------+---------+---------+-------
      Total |    6969 |    2559 |  26.9 |     217 |      18 |   7.7
            +---------+---------+-------+---------+---------+-------
        D:1 |      43 |       0 |   0.0 |      17 |       0 |   0.0
        D:2 |      37 |       0 |   0.0 |      15 |       0 |   0.0
        D:3 |     220 |     272 |  55.3 |      25 |       1 |   3.8
        D:4 |     601 |       3 |   0.5 |      25 |       1 |   3.8
        D:5 |     438 |      54 |  11.0 |      24 |       1 |   4.0
        D:6 |     636 |       0 |   0.0 |      26 |       0 |   0.0
        D:7 |     963 |       0 |   0.0 |      19 |       0 |   0.0
        D:8 |    1941 |     500 |  20.5 |      33 |       2 |   5.7
        D:9 |    2090 |    1730 |  45.3 |      33 |      13 |  28.3
            +---------+---------+-------+---------+---------+-------
